 Dungeon Crawl Stone Soup version 0.21.1-1-g345015f (webtiles) character file.

1408 inc the Destroyer (level 8, -2/39 HPs)
             Began as a Felid Conjurer on Feb 21, 2018.
             Was a Follower of Vehumet.
             Slain by a wyvern zombie (16 damage)
             ... on level 8 of the Dungeon.
             The game lasted 00:30:20 (10886 turns).

inc the Destroyer (Felid Conjurer)                 Turns: 10886, Time: 00:30:21

Health: -2/39      AC:  2    Str:  4    XL:     8   Next: 42%
Magic:  1/13       EV: 18    Int: 19    God:    Vehumet [*.....]
Gold:   399        SH:  0    Dex: 17    Spells: 6/13 levels left
                                        Lives:  0   Deaths: 2

rFire    . . .     SeeInvis +   (weapon unavailable)
rCold    . . .     Gourm    .   (shield unavailable)
rNeg     + . .     Faith    .   (armour unavailable)
rPois    .         Spirit   .   (helmet unavailable)
rElec    .         Reflect  .   (cloak unavailable)
rCorr    .         Harm     .   (gloves unavailable)
MR       +....                  (boots unavailable)
Stlth    +++.......             m - amulet of regeneration
HPRegen  0.53/turn              r - ring of positive energy
MPRegen  0.13/turn              (no ring)

@: quick
A: very small, no armour, no weapons or thrown items, stealth, claws 1, fangs 3,
see invisible, carnivore, speed 1, shaggy fur 2, slow metabolism 1, sharp paws
a: Renounce Religion


You were on level 8 of the Dungeon.
You worshipped Vehumet.
Vehumet was aware of your devotion.
You were very full.

You visited 1 branch of the dungeon, and saw 8 of its levels.
You also visited: Ossuary.

You collected 399 gold pieces.

Inventory:

Jewellery
 j - an uncursed amulet of faith
 m - an amulet of regeneration (around neck)
 r - a ring of positive energy (left paw)
 D - an uncursed ring of magical power {unknown}
 F - an uncursed amulet of the gourmand {unknown}
 G - an uncursed ring of magical power {unknown}
Wands
 y - a wand of iceblast (7)
Scrolls
 c - 5 scrolls of remove curse
 d - a scroll of fear {unknown}
 f - 3 scrolls of identify
 g - 5 scrolls of enchant armour
 k - 3 scrolls of immolation {unknown}
 n - 4 scrolls of teleportation {unknown}
 o - a scroll of noise {unknown}
 p - 4 scrolls of amnesia
 q - 2 scrolls of blinking {unknown}
 s - a scroll of vulnerability {unknown}
 C - a scroll of fog {unknown}
 E - 2 scrolls of summoning {unknown}
Potions
 e - a potion of heal wounds {unknown}
 h - a potion of lignification {unknown}
 i - 7 potions of flight
 l - 2 potions of brilliance {unknown}
 t - a potion of magic
 u - 2 potions of agility
 v - 3 potions of degeneration
 w - a potion of berserk rage {unknown}
 z - 2 potions of haste
 A - a potion of resistance {unknown}
 B - a potion of curing {unknown}
Books
 a - a book of Conjurations

   Spells                             Type                      Level
   a - Magic Dart                     Conjuration                  1
   b - Searing Ray                    Conjuration                  2
   c - Dazzling Spray                 Conjuration/Hexes            3
   d - Fulminant Prism                Conjuration/Hexes            4
   e - Force Lance                    Conjuration/Translocation    4
   f - Iskenderun's Mystic Blast      Conjuration                  4
 x - a book of Maledictions

   Spells                             Type                      Level
   a - Corona                         Hexes                        1
   b - Ensorcelled Hibernation        Hexes/Ice                    2
   c - Confuse                        Hexes                        3
   d - Tukima's Dance                 Hexes                        3
   e - Dazzling Spray                 Conjuration/Hexes            3
Comestibles
 b - 20 rations


   Skills:
 - Level 6.6 Fighting
 - Level 2.6 Dodging
 - Level 2.6 Stealth
 + Level 3.1 Spellcasting
 - Level 11.0 Conjurations


You had 6 spell levels left.
You knew the following spells:

 Your Spells              Type           Power        Failure   Level  Hunger
a - Magic Dart            Conj           ####         1%          1    None
b - Searing Ray           Conj           #####.       1%          2    ##.....
c - Iskenderun's Mystic   Conj           #####...     1%          4    ####...


Dungeon Overview and Level Annotations

Branches:
Dungeon (8/15)             Temple (0/1) D:7
   Lair: D:8-11

Altars:
Dithmenos
Elyvilon
Fedhas
Gozag
Kikubaaqudgha
Makhleb
Nemelex Xobeh
Okawaru
Trog
Uskayaw
Vehumet
Xom
Zin

Annotations:
D:6 Dowan, Duvessa


Innate Abilities, Weirdness & Mutations

You cannot wear armour.
You are incapable of wielding weapons or throwing items.
Your paws allow you to move quietly. (Stealth)
You have sharp claws.
You have razor-sharp teeth.
You have supernaturally acute eyesight. (SInv)
You are carnivorous and can eat meat at any time.
You cover ground quickly.
You are covered in thick fur. (AC +2)
You have a slow metabolism.
Your sharp claws are effective at attacking unaware monsters.


Message History

Casting: Magic Dart
Confirm with . or Enter, or press ? or * to list all spells.
You don't have enough magic to cast that spell.
Unknown command.
There is a stone staircase leading down here.
You scratch the wyvern zombie but do no damage.
You bite the wyvern zombie, but do no damage.
The wyvern zombie is moderately damaged.
The wyvern zombie bites you. The wyvern zombie closely misses you.
You scratch the wyvern zombie.
The wyvern zombie is moderately damaged.
The wyvern zombie barely misses you.
You scratch the wyvern zombie but do no damage.
You bite the wyvern zombie.
The wyvern zombie is heavily damaged.
The wyvern zombie misses you.
You scratch the wyvern zombie but do no damage.
The wyvern zombie is heavily damaged.
The wyvern zombie bites you! x2
You die...

#.. ♣...# #..
....# ##. #
....#####.. #.
#..... ..# #.. .##
... ##.# ..# ....
##..# #.#
....#####.#†####.#
...............Z@#
....#.#.###.######
.......# #)#
.......# #÷#
.......#
##.#######
####...#
#........# #
#...###........#
##
#.....#........#
############# .#
##....#........#
#............


You could see a wyvern zombie.

Vanquished Creatures
  A two-headed ogre (D:8)
  Psyche (D:8)
  The ghost of MenacingMecha the Gusty, an amateur TeAE (D:4)
  A sky beast (D:6)
  An ice beast (D:7)
  A black bear (D:7)
  2 orc warriors
  A phantom (D:8)
  A centaur (D:7)
  A big kobold (D:7)
  3 bullfrogs
  A centaur zombie (D:6)
  A howler monkey (D:6)
  2 crimson imps
  A human zombie (Ossuary)
  A hound (D:7)
  A jelly (D:5)
  2 orc priests
  A gnoll shaman (D:7)
  A bullfrog skeleton (D:4)
  3 iguanas
  4 orc wizards
  10 worker ants
  A big kobold zombie (Ossuary)
  3 hound zombies
  A hound skeleton (D:7)
  5 mummies
  9 adders
  10 gnolls
  A howler monkey skeleton (D:7)
  A shadow imp (D:7)
  2 adder zombies (Ossuary)
  A worm (D:3)
  2 dart slugs
  3 leopard geckos
  14 orcs
  A ball python (D:1)
  4 bats
  5 giant cockroaches
  A gnoll zombie (Ossuary)
  6 goblins
  11 hobgoblins
  4 jackals (D:2)
  8 kobolds
  3 quokkas
  7 frilled lizards
  A hobgoblin zombie (Ossuary)
  A kobold zombie (Ossuary)
  2 orc zombies (Ossuary)
  2 quokka skeletons (D:7)
  10 rats
  A rat zombie (Ossuary)
162 creatures vanquished.

Vanquished Creatures (others)
  5 dream sheep (D:5)
  A big kobold zombie (Ossuary)
6 creatures vanquished.

Grand Total: 168 creatures vanquished

Notes
Turn   | Place    | Note
-------+----------+-------------------------------------------
     0 | D:1      | inc the Felid Conjurer began the quest for the Orb.
     0 | D:1      | Reached XP level 1. HP: 7/7 MP: 4/4
   327 | D:1      | Reached XP level 2. HP: 11/11 MP: 4/6
   450 | D:1      | Learned a level 2 spell: Searing Ray
  1201 | D:2      | Reached XP level 3. HP: 13/14 MP: 5/8
  1271 | D:2      | Reached skill level 4 in Conjurations
  1434 | D:2      | Reached XP level 4. HP: 18/18 MP: 0/9
  1528 | D:2      | Learned a level 4 spell: Iskenderun's Mystic Blast
  2019 | D:2      | Found a radiant altar of Vehumet.
  2026 | D:2      | Found a white marble altar of Elyvilon.
  2031 | D:2      | Found an iron altar of Okawaru.
  2036 | D:2      | Found an opulent altar of Gozag.
  2049 | D:2      | Found a glowing silver altar of Zin.
  2055 | D:2      | Found a hide-covered altar of Uskayaw.
  2061 | D:2      | Found a shadowy altar of Dithmenos.
  2089 | D:2      | Became a worshipper of Vehumet
  2203 | D:2      | Reached skill level 5 in Conjurations
  2554 | D:3      | Reached XP level 5. HP: 21/21 MP: 4/10
  3069 | D:3      | Found an ancient bone altar of Kikubaaqudgha.
  3071 | D:3      | Found a blossoming altar of Fedhas.
  3092 | D:3      | Reached * piety under Vehumet
  3092 | D:3      | Offered knowledge of Sting by Vehumet.
  3716 | D:4      | Noticed MenacingMecha's ghost (amateur TeAE)
  3776 | D:5      | Entered Level 5 of the Dungeon
  3790 | D:5      | Noticed a dream sheep
  3790 | D:5      | Noticed a dream sheep
  3790 | D:5      | Noticed a dream sheep
  3790 | D:5      | Noticed a dream sheep
  3790 | D:5      | Noticed a dream sheep
  3790 | D:5      | Found a shimmering altar of Xom.
  3796 | D:5      | Killed a dream sheep
  3797 | D:5      | Killed a dream sheep
  3797 | D:5      | Killed a dream sheep
  3797 | D:5      | Killed a dream sheep
  3797 | D:5      | Killed a dream sheep
  3947 | D:5      | Reached skill level 1 in Fighting
  3954 | D:5      | Found a sand-covered staircase.
  4079 | Ossuary  | Entered an ossuary
  4094 | Ossuary  | Gained mutation: You are covered in thick fur. (AC +2) [Felid growth]
  4094 | Ossuary  | Reached XP level 6. HP: 26/26 MP: 6/11
  5367 | D:4      | Killed MenacingMecha's ghost
  5367 | D:4      | Reached XP level 7. HP: 23/33 MP: 4/12
  5477 | D:4      | Reached skill level 5 in Fighting
  5699 | D:4      | Found a sparkling altar of Nemelex Xobeh.
  7115 | D:6      | Noticed Dowan
  7118 | D:6      | Noticed Duvessa
  7210 | D:6      | Reached skill level 6 in Conjurations
  7624 | D:6      | Found a bloodstained altar of Trog.
  7641 | D:6      | Reached XP level 8. HP: 35/39 MP: 6/13
  8245 | D:7      | Found a staircase to the Ecumenical Temple.
  8712 | D:6      | Reached skill level 7 in Conjurations
  9447 | D:7      | Reached skill level 8 in Conjurations
  9672 | D:7      | Found a shimmering altar of Xom.
  9853 | D:7      | Found a burning altar of Makhleb.
 10125 | D:7      | Reached skill level 9 in Conjurations
 10479 | D:8      | Reached XP level 9. HP: 36/42 MP: 10/14
 10497 | D:8      | Noticed Psyche
 10512 | D:8      | Killed Psyche
 10513 | D:8      | Mangled by an orc warrior
 10514 | D:8      | Reached XP level 8. HP: -7/39 MP: 2/13
 10575 | D:8      | Reached skill level 10 in Conjurations
 10578 | D:8      | Killed from afar by an orc wizard
 10579 | D:8      | Reached XP level 7. HP: 0/35 MP: 3/12
 10691 | D:8      | Noticed a two-headed ogre
 10719 | D:8      | Killed a two-headed ogre
 10719 | D:8      | Reached XP level 8. HP: 11/39 MP: 6/13
 10809 | D:8      | Reached skill level 11 in Conjurations
 10886 | D:8      | Slain by a wyvern zombie

Skill      XL: |  1  2  3  4  5  6  7  8 |
---------------+-------------------------+-----
Spellcasting   | 3 |  3.1
Conjurations   | 4 5 6 11 | 11.0
Fighting       | 1 4 6 |  6.6
Dodging        | |  2.6
Stealth        | |  2.6

Action                   |  1- 3 |  4- 6 |  7- 9 || total
-------------------------+-------+-------+-------++-------
Melee: Unarmed           |    19 |    30 |    91 ||   140
       Bite              |     2 |     3 |    13 ||    18
 Cast: Magic Dart        |    37 |    45 |    73 ||   155
       Searing Ray       |    12 |    40 |    70 ||   122
       Iskenderun's Myst |       |     4 |     7 ||    11
  Use: Scroll            |       |     6 |       ||     6
       Potion            |       |       |     2 ||     2
 Stab: Sleeping          |       |       |     4 ||     4
  Eat: Chunk             |     6 |     9 |    13 ||    28
Armor: Skin              |       |     4 |    15 ||    19
Dodge: Dodged            |    30 |    73 |   224 ||   327
